Map: Ever Dream LE

Players

FrameSticker

  • Race: Protoss Protoss
  • League: Diamond
  • Spawn Location: 1:00

Moder - Winner!

  • Race: Zerg Zerg
  • League: Master
  • Spawn Location: 7:00

VOD

Have the link to the VOD?

Description

Time

  • Played on: Aug. 19, 2020, 1:05 p.m.
  • Length: 18:38
Show
View Real Time Build Order
Export as new Build Order

FrameSticker Protoss 

Build Orders: Phoenix Opening, Mass Phoenix 

Get SALT Encoding   

  12  0:00  Probe  
  13  0:12  Probe  
  14  0:19  Pylon  
  14  0:25  Probe  
  15  0:37  Gateway  
  15  0:39  Probe (Chrono Boost)  
  16  0:48  Probe (Chrono Boost)  
  17  0:50  Assimilator  
  17  0:53  Probe (Chrono Boost)  
  18  1:05  Probe  
  19  1:17  Gateway, Probe  
  20  1:25  Cybernetics Core  
  20  1:28  Zealot (Chrono Boost)  
  22  1:35  Pylon  
  22  1:41  Assimilator  
  22  1:42  Probe  
  22  1:53  Zealot (Chrono Boost)  
  22  1:58  Probe  
  25  2:01  Warp Gate  
  25  2:06  Adept (Chrono Boost)  
  27  2:11  Probe  
  30  2:33  Nexus  
  28  2:39  Probe  
  28  2:43  Pylon  
  29  2:47  Sentry  
  31  3:01  Probe (Chrono Boost)  
  31  3:03  Stargate  
  32  3:13  Probe (Chrono Boost)  
  32  3:19  Pylon  
  33  3:22  Probe (Chrono Boost), Phoenix  
  34  3:28  Probe (Chrono Boost)  
  34  3:31  Assimilator, Stargate  
  35  3:40  Probe (Chrono Boost)  
  36  3:47  Probe (Chrono Boost)  
  38  3:49  Probe (Chrono Boost)  
  38  3:50  Phoenix  
  38  3:55  Probe (Chrono Boost)  
  40  3:57  Adept  
  37  4:17  Probe (Chrono Boost)  
  37  4:21  Probe (Chrono Boost)  
  39  4:31  Probe (Chrono Boost)  
  40  4:34  Probe (Chrono Boost)  
  40  4:35  Probe (Chrono Boost)  
  42  4:39  Phoenix  
  42  4:43  Probe  
  45  4:46  Probe (Chrono Boost)  
  45  4:51  Phoenix  
  48  4:56  Probe (Chrono Boost)  
  50  5:04  Probe (Chrono Boost)  
  50  5:05  Probe (Chrono Boost)  
  53  5:10  Probe (Chrono Boost)  
  53  5:11  Phoenix (Chrono Boost)  
  53  5:12  Pylon  
  54  5:17  Phoenix (Chrono Boost)  
  56  5:22  Probe  
  56  5:24  Probe  
  56  5:25  Assimilator  
  58  5:33  Phoenix (Chrono Boost)  
  58  5:34  Probe  
  61  5:36  Probe  
  61  5:37  Phoenix  
  64  5:46  Probe, Pylon  
  64  5:48  Probe  
  66  5:55  Adept  
  66  5:56  Adept  
  70  6:04  Probe x2  
  72  6:16  Probe x2  
  74  6:27  Nexus, Pylon  
  74  6:29  Probe x2  
  76  6:41  Probe x2  
  76  6:45  Oracle  
  81  6:53  Probe x2  
  83  6:58  Zealot, Robotics Facility  
  83  6:59  Robotics Facility  
  85  7:05  Probe  
  85  7:06  Probe  
  86  7:12  Forge  
  86  7:15  Twilight Council  
  86  7:22  Pylon  
  86  7:24  Pylon  
  86  7:33  Pylon  
  86  7:38  Probe x2  
  86  7:41  Probe  
  92  7:45  Shield Battery, Immortal (Chrono Boost)  
  92  7:48  Immortal (Chrono Boost)  
  92  7:50  Probe x2  
  92  7:51  Protoss Ground Weapons Level 1 (Chrono Boost)  
  99  7:56  Charge  
  99  7:57  Probe  
  100  8:02  Pylon  
  100  8:03  Probe  
  100  8:04  Probe  
  102  8:06  Assimilator  
  102  8:09  Probe, Templar Archives, Assimilator  
  103  8:13  Zealot x2  
  103  8:18  Observer, Immortal  
  108  8:38  Gateway x2  
  108  8:40  Gateway  
  108  8:44  Gateway  
  108  8:45  Zealot  
  108  8:46  Gateway, Zealot  
  108  8:47  Gateway, Probe x2  
  108  8:48  Probe  
  115  9:00  Psionic Storm  
  115  9:05  Gateway  
  115  9:11  Gateway  
  115  9:12  Probe  
  115  9:15  Immortal (Chrono Boost)  
  115  9:16  Gateway, High Templar x2  
  120  9:23  Gateway  
  124  9:27  Gateway  
  124  9:39  High Templar x4  
  124  9:45  Immortal  
  132  9:46  Protoss Ground Weapons Level 2 (Chrono Boost)  
  130  9:56  Shield Battery  
  130  9:57  Shield Battery  
  130  10:12  Nexus  
  130  10:15  Pylon  
  130  10:18  High Templar  
  132  10:21  Pylon  
  132  10:23  Pylon  
  132  10:24  Pylon  
  132  10:30  Immortal x2 (Chrono Boost)  
  140  10:42  Pylon  
  140  10:47  High Templar x3, Dark Shrine  
  140  10:48  Zealot, High Templar  
  140  10:49  Zealot x5  
  160  10:52  Archon x2  
  160  10:54  Archon  
  160  10:56  Probe x3  
  163  10:57  Pylon  
  163  10:59  Pylon  
  163  11:00  Pylon  
  163  11:06  Zealot  
  163  11:07  Warp Prism (Chrono Boost)  
  167  11:14  High Templar  
  167  11:15  Assimilator, High Templar x2  
  167  11:16  Zealot x2  
  167  11:17  Zealot  
  179  11:24  Archon, Assimilator  
  179  11:45  Photon Cannon  
  179  11:47  Photon Cannon  
  179  11:58  Protoss Ground Weapons Level 3 (Chrono Boost), High Templar x2  
  179  11:59  Zealot, High Templar x2  
  179  12:00  Zealot x5  
  199  12:02  Archon  
  199  12:03  Archon  
  156  12:39  Fleet Beacon  
  156  12:40  Zealot x5  
  156  12:41  Zealot x6  
  178  12:58  Probe x4, Stargate  
  173  13:01  Nexus  
  173  13:03  Pylon  
  173  13:05  Dark Templar, Stargate  
  162  13:08  Stargate  
  162  13:09  Stargate  
  162  13:10  Assimilator  
  160  13:17  Oracle (Chrono Boost)  
  160  13:19  Tempest (Chrono Boost)  
  163  13:24  Protoss Air Weapons Level 1 (Chrono Boost)  
  168  13:27  Assimilator  
  168  13:28  Dark Templar  
  170  13:47  Shield Battery  
  170  13:49  Shield Battery  
  170  13:51  Shield Battery  
  170  13:53  Photon Cannon  
  180  13:55  Photon Cannon  
  180  13:56  Tempest (Chrono Boost)  
  180  13:57  Tempest (Chrono Boost)  
  180  14:01  Zealot x4  
  188  14:03  Tempest (Chrono Boost)  
  196  14:13  Probe x4, Tempest (Chrono Boost)  
  166  14:50  Tempest x3  
  166  14:52  Zealot x10  
  186  14:53  Zealot  
  186  15:06  Tempest x2  
  163  15:16  Zealot x8  
  163  15:17  Zealot x3  
  163  15:20  Oracle  
  172  15:33  Oracle  
  172  15:34  Tempest x2  
  181  15:43  Probe x2  
  181  15:44  Probe x3  
  181  15:47  Dark Templar x2  
  181  15:48  Dark Templar x3  
  196  15:52  High Templar  
  198  16:02  Probe x2  
  200  16:13  Protoss Air Weapons Level 2 (Chrono Boost)  
  192  16:30  Zealot x4  
  200  16:57  Cybernetics Core  
  181  17:15  Tempest x4 (Chrono Boost)  
  154  17:16  Tempest x2 (Chrono Boost)  
  154  17:22  Zealot x2  
  137  17:23  Zealot x7  
  153  17:32  High Templar x2  
  157  17:49  High Templar x8  
  169  18:04  Archon  
  169  18:05  Archon x2  
  158  18:08  Stalker, High Templar  
Show
View Real Time Build Order
Export as new Build Order

Moder Zerg - Winner!

Build Orders: Pool First, Brood Lord Corruptor, Lurkers 

Get SALT Encoding   

  12  0:00  Drone  
  13  0:08  Drone  
  14  0:15  Extractor  
  14  0:16  Drone  
  14  0:32  Spawning Pool  
  13  0:35  Drone  
  14  0:45  Overlord  
  14  0:53  Drone, Extractor  
  16  1:04  Drone  
  16  1:18  Metabolic Boost  
  16  1:19  Zergling x2  
  16  1:20  Zergling x4  
  19  1:29  Queen  
  21  1:33  Zergling x2  
  22  1:57  Hatchery  
  21  2:03  Overlord  
  21  2:15  Lair  
  21  2:21  Drone  
  21  2:22  Drone  
  23  2:28  Drone  
  24  2:33  Drone  
  25  2:38  Drone x2  
  25  2:44  Overlord  
  27  2:48  Drone  
  28  2:59  Drone  
  29  3:06  Drone  
  29  3:08  Queen  
  29  3:09  Drone  
  29  3:10  Drone  
  34  3:15  Drone  
  35  3:24  Drone x3  
  38  3:39  Roach Warren, Drone x2  
  39  3:41  Drone  
  39  3:42  Extractor  
  39  3:43  Drone  
  39  3:44  Drone x2  
  39  3:47  Extractor  
  42  3:48  Drone  
  42  3:54  Drone  
  43  3:58  Drone  
  43  4:13  Drone  
  43  4:16  Drone x2  
  43  4:20  Drone  
  43  4:21  Extractor  
  43  4:22  Glial Reconstitution  
  43  4:23  Overlord  
  43  4:24  Overlord  
  43  4:26  Drone  
  43  4:28  Evolution Chamber  
  43  4:33  Evolution Chamber, Overlord  
  43  4:35  Overlord  
  43  4:37  Drone  
  43  4:38  Drone  
  44  4:42  Hydralisk Den  
  43  4:47  Spore Crawler  
  43  4:48  Drone x4  
  43  4:50  Drone  
  43  4:52  Drone  
  48  4:54  Drone  
  48  4:56  Drone  
  48  4:58  Zerg Missile Weapons Level 1  
  50  5:09  Queen  
  50  5:10  Drone  
  50  5:12  Muscular Augments  
  53  5:17  Lurker Den  
  53  5:19  Drone  
  53  5:21  Drone  
  53  5:27  Hydralisk  
  56  5:33  Hatchery, Zerg Ground Armor Level 1  
  55  5:38  Hydralisk  
  55  5:39  Hydralisk  
  59  5:47  Overlord, Hydralisk  
  59  5:48  Hydralisk  
  63  5:52  Overlord  
  63  6:03  Overseer  
  59  6:12  Spore Crawler  
  59  6:13  Hydralisk  
  59  6:14  Hydralisk x5  
  68  6:23  Hydralisk  
  68  6:24  Hydralisk  
  70  6:31  Hydralisk  
  70  6:32  Spore Crawler  
  71  6:33  Spore Crawler  
  71  6:35  Hydralisk  
  71  6:37  Overlord, Spore Crawler  
  71  6:45  Spore Crawler  
  70  6:47  Drone x2  
  70  6:48  Spore Crawler  
  71  7:01  Queen  
  71  7:02  Drone, Spore Crawler  
  71  7:03  Drone  
  71  7:06  Hydralisk  
  71  7:08  Grooved Spines  
  76  7:13  Overlord  
  76  7:18  Overlord  
  76  7:19  Overlord  
  76  7:24  Overlord  
  76  7:25  Infestation Pit  
  75  7:30  Extractor  
  74  7:40  Drone  
  74  7:41  Drone x8  
  74  7:42  Drone  
  84  7:44  Drone  
  85  7:51  Nydus Network  
  85  7:52  Overlord  
  85  7:57  Drone  
  85  7:58  Drone  
  86  8:00  Drone x2  
  86  8:02  Drone  
  89  8:07  Drone x2  
  89  8:09  Extractor  
  89  8:10  Drone  
  89  8:11  Drone  
  92  8:15  Zerg Missile Weapons Level 2  
  92  8:21  Drone  
  90  8:32  Drone  
  90  8:36  Spore Crawler  
  90  8:38  Spine Crawler, Drone  
  90  8:39  Drone x8  
  90  8:40  Spine Crawler  
  96  8:47  Drone  
  96  8:48  Drone  
  98  8:51  Queen  
  98  8:55  Roach  
  104  8:56  Roach  
  104  8:59  Overlord  
  106  9:04  Hive  
  106  9:09  Spire  
  103  9:13  Nydus Canal  
  103  9:14  Overlord x2  
  103  9:25  Roach, Overlord  
  105  9:33  Hydralisk  
  105  9:34  Hatchery, Hydralisk x3  
  104  9:53  Overlord  
  104  9:56  Roach  
  104  9:58  Drone  
  104  9:59  Drone x11  
  118  10:03  Drone  
  118  10:05  Overlord  
  119  10:11  Pathogen Glands  
  119  10:12  Overlord  
  119  10:22  Overlord, Greater Spire, Corruptor  
  119  10:23  Corruptor x2  
  119  10:25  Extractor  
  119  10:26  Lurker  
  119  10:27  Extractor, Lurker x5  
  129  10:33  Overlord, Seismic Spines  
  129  10:43  Drone  
  129  10:44  Drone x5  
  135  10:54  Spore Crawler  
  135  10:56  Spine Crawler, Corruptor  
  133  10:57  Infestor x2  
  133  10:58  Spine Crawler  
  133  10:59  Spore Crawler  
  137  11:04  Overseer x2  
  137  11:08  Neural Parasite  
  137  11:10  Overlord  
  137  11:15  Drone  
  137  11:16  Drone x2  
  140  11:20  Queen  
  140  11:24  Corruptor  
  144  11:25  Infestor  
  144  11:28  Corruptor x2  
  144  11:29  Corruptor  
  152  11:38  Brood Lord  
  154  11:41  Hatchery  
  154  11:45  Brood Lord  
  155  11:53  Corruptor  
  157  11:54  Corruptor  
  159  12:06  Brood Lord  
  161  12:12  Brood Lord  
  161  12:15  Corruptor  
  165  12:27  Corruptor  
  165  12:28  Hydralisk  
  165  12:29  Hydralisk x2  
  155  12:37  Brood Lord  
  157  12:50  Roach  
  157  12:51  Roach  
  161  12:57  Hatchery  
  160  13:02  Burrow  
  160  13:06  Hatchery  
  159  13:19  Infestor  
  161  13:20  Brood Lord  
  161  13:21  Brood Lord  
  161  13:26  Hatchery  
  164  13:28  Drone  
  164  13:29  Drone x3  
  164  13:30  Overlord  
  164  13:31  Overlord x3  
  164  13:32  Spine Crawler  
  164  13:33  Queen, Extractor, Spore Crawler  
  167  13:34  Spine Crawler, Extractor  
  167  13:38  Brood Lord  
  167  13:44  Overlord x4  
  167  13:47  Zerg Missile Weapons Level 3  
  167  14:10  Corruptor  
  167  14:11  Hydralisk x4  
  167  14:12  Hydralisk x4  
  185  14:23  Infestor  
  187  14:24  Hydralisk  
  187  14:25  Roach  
  187  14:26  Roach x3  
  195  14:47  Pneumatized Carapace  
  195  14:52  Hydralisk  
  181  14:57  Hydralisk x5  
  181  14:58  Hydralisk x3  
  189  15:06  Hydralisk  
  185  15:11  Corruptor  
  179  15:17  Zergling x4  
  179  15:18  Zergling x26  
  190  15:23  Corruptor x2  
  190  15:32  Corruptor  
  184  15:39  Extractor  
  184  15:42  Extractor  
  182  15:46  Hatchery  
  181  15:52  Infestor, Corruptor  
  181  15:53  Corruptor  
  181  15:55  Drone x2  
  189  15:57  Hatchery  
  189  16:03  Drone x3  
  187  16:31  Lurker  
  186  16:35  Spine Crawler  
  186  16:36  Corruptor, Spore Crawler  
  186  16:37  Corruptor x6  
  198  16:44  Corruptor  
  200  16:54  Extractor  
  196  16:55  Queen  
  196  16:57  Spore Crawler  
  194  17:12  Corruptor  
  169  17:16  Corruptor x4  
  161  17:30  Spine Crawler  
  161  17:32  Hydralisk  
  161  17:33  Hydralisk x5  
  168  18:12  Zergling x20  
Tags
 
Add a new tag
Caveats
  • Supply blocks, unpowered buildings, or Contaminate may cause inaccurate times.
  • Supply counts are checked every 10 seconds.